[Event "Titled Tuesday Blitz July 05 Late 2022"]
[White "Vovk, Orest"]
[Black "Navarrete Mendez, Gonzalo Alberto"]
[WhiteFideId "14113490"]
[BlackFideId "5106850"]
[WhiteElo "2203"]
[BlackElo "2261"]
[Result "0-1"]
[Round "10"]
[TimeControl "180+1"]
[Date "2022.07.05"]
[WhiteClock "0:00:02"]
[BlackClock "0:01:28"]

1. h4 e5 2. h5 h6 3. d4 exd4 4. Qxd4 Nc6 5. Qa4 d5 6. g3 Nf6 7. Bh3 Bc5 8. Bxc8 Qxc8 9. Nf3 Qf5 10. Bf4 O-O-O 11. Nbd2 Ne4 12. e3 g5 13. hxg6 fxg6 14. Rg1 g5 15. g4 Qf6 16. Bg3 Qxb2 17. Rb1 Qf6 18. Nxe4 dxe4 19. Qxe4 Qc3+ 20. Kf1 Bb6 21. Kg2 Rhf8 22. Rgd1 Rde8 23. Qd5 Qg7 24. c4 Qe7 25. Rdc1 Rd8 26. Qb5 a6 27. Qb3 Qe4 28. c5 Qxf3+ 29. Kh3 h5 30. gxh5 Qxh5+ 31. Kg2 Qf3+ 32. Kf1 Rh8 33. Qe6+ Kb8 0-1


[Site "https://www.chess.com"]

[Event "Titled Tuesday Blitz July 05 Late 2022"]
[White "Wieczorek, Oskar"]
[Black "Matsuura, Frederico"]
[WhiteFideId "1133950"]
[BlackFideId "2107848"]
[WhiteElo "2330"]
[BlackElo "2302"]
[Result "1-0"]
[Round "10"]
[TimeControl "180+1"]
[Date "2022.07.05"]
[WhiteClock "0:00:02"]
[BlackClock "0:00:10"]

1. e4 e6 2. d4 d5 3. Nd2 c5 4. exd5 exd5 5. Ngf3 Nc6 6. Bb5 Bd6 7. dxc5 Bxc5 8. O-O Ne7 9. Nb3 Bd6 10. c3 O-O 11. Bg5 Qb6 12. Bxc6 bxc6 13. c4 Bg4 14. Bxe7 Bxe7 15. cxd5 cxd5 16. Qxd5 Be6 17. Qd4 Bf6 18. Qxb6 axb6 19. Nbd4 Bxa2 20. b3 Rfd8 21. Rad1 Rd5 22. Rd2 g6 23. g4 h6 24. h4 Ra3 25. Ra1 Rda5 26. g5 hxg5 27. hxg5 Bxd4 28. Nxd4 Rxg5+ 29. Kh2 Rga5 30. Rb2 b5 31. Nc2 Bxb3 32. Rxa3 Ba4 33. Nd4 1-0


[Site "https://www.chess.com"]

[Event "Titled Tuesday Blitz July 05 Late 2022"]
[White "Zakarian, David"]
[Black "Baches Garcia, Guillermo"]
[WhiteFideId "13301276"]
[BlackFideId "2209764"]
[WhiteElo "2418"]
[BlackElo "2511"]
[Result "1/2-1/2"]
[Round "10"]
[TimeControl "180+1"]
[Date "2022.07.06"]
[WhiteClock "0:00:11"]
[BlackClock "0:00:05"]

1. e4 c5 2. Nf3 d6 3. Bb5+ Bd7 4. Bxd7+ Qxd7 5. O-O Nf6 6. e5 dxe5 7. Nxe5 Qc8 8. a4 e6 9. Ra3 Be7 10. Rg3 O-O 11. d3 Kh8 12. Qf3 Nc6 13. Nxc6 Qxc6 14. Qxc6 bxc6 15. Bg5 c4 16. Nd2 cxd3 17. Rxd3 Rfd8 18. Rxd8+ Rxd8 19. Nc4 h6 20. Be3 Nd5 21. Bd2 Nb6 22. Ba5 Nxc4 23. Bxd8 Bxd8 24. Rd1 Bb6 25. b3 Ne5 26. h3 Kg8 27. Kf1 Kf8 28. f4 Ng6 29. g3 Ke7 30. b4 f5 31. a5 Bc7 32. Ke2 e5 33. fxe5 Nxe5 34. Rf1 Ke6 35. Ke3 g5 36. Kd4 Nd7 37. Re1+ Be5+ 38. Kc4 Kd6 39. Rd1+ Kc7 40. Rd3 h5 41. Rf3 f4 42. gxf4 Bxf4 43. Rf1 Bd6 44. c3 g4 45. hxg4 hxg4 46. Rf7 Be5 47. Rf5 g3 48. Rg5 Kd6 49. Kd3 Ke6 50. c4 Kf6 51. Rg8 Kf5 52. Ke2 Nf6 53. Rc8 Bd4 54. Kf3 Bf2 55. Rxc6 Nd7 56. Rc7 Ne5+ 57. Kg2 Ke4 58. Rg7 Kd4 59. c5 Kc4 60. Rg5 Nc6 61. Rg6 Kb5 62. a6 Nxb4 63. Rg7 Nc6 64. Rb7+ Kxc5 65. Rc7 Kb6 66. Rc8 Nb4 67. Rb8+ Ka5 68. Rb7 Nxa6 69. Rxa7 Bxa7 70. Kxg3 Kb5 71. Kf4 Kc4 72. Ke5 Kd3 73. Kd5 Nb4+ 74. Ke5 Bd4+ 75. Ke6 Ke4 76. Kd6 Kd3 77. Ke6 Kc4 78. Kd6 Nd5 79. Ke6 Nf4+ 80. Kf5 Be3 81. Ke4 Bd2 82. Ke5 Kc5 83. Ke4 Kd6 84. Kd4 Bb4 85. Ke4 Nd5 86. Kf5 Bd2 87. Ke4 Ke6 88. Kd4 Bc3+ 89. Ke4 Bf6 90. Kd3 Ke5 91. Kc4 Ke4 92. Kc5 Be5 93. Kc6 Nf6 94. Kc5 Bd4+ 95. Kc4 Nd5 96. Kb5 Ne7 97. Kc4 Nc6 98. Kb5 Kd5 99. Ka6 Bc3 100. Kb6 Bd2 101. Kc7 Bf4+ 102. Kd7 Ne5+ 103. Ke7 Bg5+ 104. Ke8 Kd6 105. Kf8 Bf6 106. Kg8 Ke6 107. Kf8 Ng6+ 108. Ke8 Ne5 109. Kf8 Bg5 110. Ke8 Nd7 1/2-1/2


[Site "https://www.chess.com"]

[Event "Titled Tuesday Blitz July 05 Late 2022"]
[White "Ambartsumova, Karina"]
[Black "Chernobay, Artem"]
[WhiteFideId "4166299"]
[BlackFideId "4167406"]
[WhiteElo "2262"]
[BlackElo "2473"]
[Result "0-1"]
[Round "11"]
[TimeControl "180+1"]
[Date "2022.07.05"]
[WhiteClock "0:00:01"]
[BlackClock "0:00:06"]

1. Nf3 Nf6 2. g3 g6 3. Bg2 Bg7 4. O-O O-O 5. d4 d6 6. b3 e5 7. dxe5 dxe5 8. Ba3 Re8 9. Nc3 e4 10. Qxd8 Rxd8 11. Rad1 Re8 12. Ng5 e3 13. Nb5 Na6 14. f4 h6 15. Nf3 Ng4 16. c4 Nf2 17. Rc1 Bg4 18. Rfe1 Rad8 19. Ne5 Bxe5 20. fxe5 c6 21. Nd6 Rxe5 22. Nxb7 Rd2 23. Bxc6 Bxe2 24. Bd6 Re6 25. c5 Nb4 26. Bg2 Nfd3 27. c6 Nxc6 28. Bxc6 Nxc1 29. Rxc1 Rdxd6 30. Nxd6 Rxd6 31. Re1 Rd2 32. a4 a5 33. Bb5 Bxb5 34. axb5 Rd3 35. Rb1 e2 36. Re1 Rxb3 37. Rxe2 Rxb5 38. Re8+ Kg7 39. Ra8 h5 40. h4 Kf6 41. Kg2 Kf5 42. Ra7 f6 43. Ra6 Rb2+ 44. Kh3 Ra2 45. Ra8 g5 46. hxg5 fxg5 47. Rf8+ Kg6 48. Rg8+ Kf6 0-1


[Site "https://www.chess.com"]

[Event "Titled Tuesday Blitz July 05 Late 2022"]
[White "Andreikin, Dmitry"]
[Black "Dubov, Daniil"]
[WhiteFideId "4158814"]
[BlackFideId "24126055"]
[WhiteElo "2736"]
[BlackElo "2791"]
[Result "1-0"]
[Round "11"]
[TimeControl "180+1"]
[Date "2022.07.05"]
[WhiteClock "0:00:05"]
[BlackClock "0:00:36"]

1. d4 Nf6 2. c4 e6 3. Nc3 d5 4. cxd5 exd5 5. Bg5 Be7 6. e3 O-O 7. Bd3 Re8 8. Nge2 c6 9. Qc2 g6 10. O-O a5 11. a3 Na6 12. Rae1 Nc7 13. Nf4 h6 14. Bxh6 Ng4 15. Bxg6 Nxh6 16. Bxf7+ Nxf7 17. Qg6+ Kf8 18. Qh7 Bf5 19. Qxf5 Bd6 20. Ng6+ Kg7 21. f4 Qf6 22. Qxf6+ Kxf6 23. Ne5 Rh8 24. g4 Rh4 25. Re2 Rah8 26. Rg2 Rh3 27. Rf3 Bxe5 28. dxe5+ Kg7 29. Rfg3 Ne6 30. Ne2 Nc5 31. Nd4 Ne4 32. Nf5+ Kg6 33. Ne7+ Kg7 34. Nf5+ Kf8 35. Rxh3 Rxh3 36. g5 Rh5 37. e6 Nfd6 38. e7+ Kg8 39. Nxd6 Nxd6 40. f5 Rh8 41. f6 Kf7 42. Rg4 Kg6 43. h4 c5 44. Kf2 b5 45. Kf3 b4 46. Kf4 Nf7 47. h5+ Kxh5 48. g6 Nh6 49. f7 Nxg4 50. e8=Q Rh6 51. f8=Q Kh4 52. g7 Rh5 53. Qh8 Nh6 54. Qxh5+ Kxh5 55. g8=Q d4 56. Qg5# 1-0


[Site "https://www.chess.com"]

[Event "Titled Tuesday Blitz July 05 Late 2022"]
[White "Antonova, Nadezhda"]
[Black "Clawitter, Craig"]
[WhiteFideId "14700182"]
[BlackFideId "2023105"]
[WhiteElo "1835"]
[BlackElo "2122"]
[Result "1-0"]
[Round "11"]
[TimeControl "180+1"]
[Date "2022.07.06"]
[WhiteClock "0:00:21"]
[BlackClock "0:00:06"]

1. Nf3 Nf6 2. b3 g6 3. Bb2 Bg7 4. g3 O-O 5. Bg2 c5 6. c4 Nc6 7. O-O d6 8. d4 cxd4 9. Nxd4 Bd7 10. Nc3 Qa5 11. Nd5 Nxd5 12. Bxd5 Rfc8 13. e3 Nxd4 14. Bxd4 Bc6 15. Bxg7 Kxg7 16. Bg2 Bxg2 17. Kxg2 b5 18. Qd5 Rab8 19. Rac1 Qb4 20. cxb5 Rxc1 21. Rxc1 Rxb5 22. Qd3 Qa5 23. Qc3+ Qxc3 24. Rxc3 Kf6 25. Kf3 Ke6 26. Ke4 Rc5 27. Kd3 Rxc3+ 28. Kxc3 Kd5 29. f3 h5 30. e4+ Kc5 31. b4+ Kb5 32. Kb3 e6 33. a4+ Kb6 34. Kc4 Kc6 35. b5+ Kb6 36. Kb4 d5 37. a5+ Kb7 38. exd5 exd5 39. Kc5 Kc7 40. Kxd5 Kd7 41. a6 Kc7 42. Kc5 f6 43. h4 g5 44. f4 gxf4 45. gxf4 f5 46. Kd5 Kb6 47. Kc4 Kc7 48. Kc5 Kb8 49. b6 axb6+ 50. Kxb6 Ka8 51. Kc5 Ka7 52. Kd5 Kxa6 53. Ke5 Kb7 54. Kxf5 Kc6 55. Kg5 Kd5 56. Kxh5 Ke4 57. Kg5 1-0


[Site "https://www.chess.com"]

[Event "Titled Tuesday Blitz July 05 Late 2022"]
[White "Arnold, Ken"]
[Black "Baches Garcia, Guillermo"]
[WhiteFideId "2056836"]
[BlackFideId "2209764"]
[WhiteElo "2313"]
[BlackElo "2509"]
[Result "0-1"]
[Round "11"]
[TimeControl "180+1"]
[Date "2022.07.06"]
[WhiteClock "0:00:08"]
[BlackClock "0:00:21"]

1. d4 Nf6 2. c4 e6 3. Nc3 d5 4. Nf3 c5 5. cxd5 Nxd5 6. e3 cxd4 7. exd4 Nxc3 8. bxc3 Qc7 9. Bd2 Nd7 10. Bd3 Bd6 11. O-O b6 12. Re1 Bb7 13. h3 O-O 14. Qe2 Bf4 15. Be4 Bxd2 16. Nxd2 Nf6 17. Bxb7 Qxb7 18. a4 Rac8 19. Ra3 Rfd8 20. Rb1 Nd5 21. Qf3 Qc6 22. Rbb3 Ne7 23. Qxc6 Nxc6 24. Kf1 Na5 25. Rb5 Rd7 26. Ke2 Kf8 27. f4 Ke7 28. g4 g6 29. Kd3 Rdc7 30. f5 Nb7 31. Ne4 Nd6 32. f6+ Kd7 33. Nxd6 Kxd6 34. a5 Rc6 35. axb6 axb6 36. Rab3 Kc7 37. c4 Rd8 38. Rc3 e5 39. d5 Rxf6 40. Ra3 Rf3+ 41. Ke4 Rxa3 42. Kxe5 Rxh3 43. c5 bxc5 44. Rxc5+ Kd7 45. Ra5 Re8+ 46. Kf6 Rf3+ 47. Kg7 h5 48. gxh5 gxh5 0-1


[Site "https://www.chess.com"]

[Event "Titled Tuesday Blitz July 05 Late 2022"]
[White "Averjanov, Alexey"]
[Black "Nazaretyan, Tigran"]
[WhiteFideId "14109867"]
[BlackFideId "24162345"]
[WhiteElo "2694"]
[BlackElo "2179"]
[Result "0-1"]
[Round "11"]
[TimeControl "180+1"]
[Date "2022.07.05"]
[WhiteClock "0:01:51"]
[BlackClock "0:02:17"]

1. d4 Nf6 2. c4 c5 3. d5 b5 4. Nf3 g6 5. a4 b4 6. b3 Bg7 7. Bb2 O-O 8. Nbd2 e6 9. e4 exd5 10. exd5 Re8+ 11. Be2 Nxd5 12. Bxg7 Nf4 13. Bh6 Nxe2 14. Kf1 d5 15. Qc2 Bf5 16. Qb2 d4 17. Ne1 Qh4 0-1


[Site "https://www.chess.com"]

[Event "Titled Tuesday Blitz July 05 Late 2022"]
[White "Barria Zuniga, Daniel"]
[Black "Yuan, Qingyu"]
[WhiteFideId "3400816"]
[BlackFideId "8609772"]
[WhiteElo "2414"]
[BlackElo "2359"]
[Result "0-1"]
[Round "11"]
[TimeControl "180+1"]
[Date "2022.07.05"]
[WhiteClock "0:00:01"]
[BlackClock "0:00:07"]

1. d4 d5 2. c4 e6 3. Nf3 Nf6 4. Nc3 a6 5. g3 dxc4 6. Bg2 b5 7. Ne5 Ra7 8. Bc6+ Nfd7 9. O-O Bd6 10. Bg2 O-O 11. Be3 c5 12. Ne4 Be7 13. f4 Rc7 14. d5 Nxe5 15. fxe5 exd5 16. Nd6 d4 17. Bf4 Be6 18. e3 d3 19. Be4 Nd7 20. Qh5 g6 21. Qh6 Re8 22. g4 Bf8 23. Qh3 Bg7 24. Qg3 Rf8 25. Rf2 f6 26. exf6 Nxf6 27. Raf1 Rd7 28. Be5 Nxe4 29. Rxf8+ Bxf8 30. Nxe4 Be7 31. Qf4 Qf8 32. Bf6 d2 33. Qf3 d1=Q 34. Rxd1 Rxd1+ 35. Qxd1 Bxf6 36. Nxf6+ Qxf6 37. Qd6 Kg7 38. Qxc5 h6 39. Qc7+ Bf7 40. Qa7 g5 0-1


[Site "https://www.chess.com"]

[Event "Titled Tuesday Blitz July 05 Late 2022"]
[White "Bobadilla Viera, Jorge Samuel"]
[Black "Melikyan, Gnel"]
[WhiteFideId "3906353"]
[BlackFideId "54109990"]
[WhiteElo "2202"]
[BlackElo "1772"]
[Result "0-1"]
[Round "11"]
[TimeControl "180+1"]
[Date "2022.07.05"]
[WhiteClock "0:02:11"]
[BlackClock "0:02:04"]

1. e4 e5 2. Nf3 Nc6 3. Bc4 Bc5 4. O-O Nf6 5. d3 d6 6. c3 O-O 7. b4 Bb6 8. a4 a5 9. b5 Ne7 10. Re1 Ng6 11. Nbd2 Ng4 12. d4 Qf6 13. Nf1 Nh4 14. Nxh4 Qxf2+ 15. Kh1 Qxh4 16. Kg1 exd4 17. cxd4 Qf2+ 18. Kh1 Bxd4 0-1


[Site "https://www.chess.com"]

[Event "Titled Tuesday Blitz July 05 Late 2022"]
[White "Bortnyk, Olexandr"]
[Black "He, Anthony"]
[WhiteFideId "14120828"]
[BlackFideId "2088215"]
[WhiteElo "2723"]
[BlackElo "2409"]
[Result "1-0"]
[Round "11"]
[TimeControl "180+1"]
[Date "2022.07.05"]
[WhiteClock "0:00:19"]
[BlackClock "0:00:55"]

1. e4 c5 2. Be2 Nf6 3. d3 Nc6 4. f4 d5 5. e5 Nd7 6. Nf3 Nb6 7. c3 Bf5 8. Nh4 Bd7 9. d4 cxd4 10. cxd4 Rc8 11. Nc3 g6 12. O-O Bg7 13. f5 e6 14. f6 Bf8 15. Nf3 Na5 16. Kh1 a6 17. Bd3 Nac4 18. Ne2 Na5 19. a4 Bb4 20. Bh6 Nac4 21. Ra2 Qc7 22. b3 Na5 23. Bg7 Rg8 24. Ng5 Nc6 25. Nxh7 Nxe5 26. dxe5 Qxe5 27. Nf4 Bd6 28. Re2 Qd4 29. Nxe6 Qh4 30. Nc5+ Be6 31. Rxe6+ fxe6 32. f7+ Kd8 33. Bf6+ 1-0


[Site "https://www.chess.com"]

[Event "Titled Tuesday Blitz July 05 Late 2022"]
[White "Carrasco Miranda, Andres"]
[Black "Rizzo, Tobias"]
[WhiteFideId "3405990"]
[BlackFideId "30942691"]
[WhiteElo "2177"]
[BlackElo "2319"]
[Result "0-1"]
[Round "11"]
[TimeControl "180+1"]
[Date "2022.07.06"]
[WhiteClock "0:00:31"]
[BlackClock "0:00:04"]

1. d4 Nf6 2. c4 g6 3. g3 Bg7 4. Bg2 c6 5. e4 d5 6. cxd5 cxd5 7. e5 Ne4 8. Nc3 Nxc3 9. bxc3 O-O 10. Ne2 Nc6 11. O-O Rb8 12. Nf4 e6 13. h4 Na5 14. h5 b5 15. h6 Bh8 16. Nh3 Ba6 17. Bg5 Qc7 18. Rc1 Nc4 19. Nf4 Qd7 20. Qg4 Bc8 21. Bh3 Rb6 22. Nh5 f5 23. exf6 gxh5 24. Qxh5 Qf7 25. Qg4 Qg6 26. Rfe1 Bxf6 27. f4 Bxg5 28. fxg5 e5 29. Qh4 Bxh3 30. Qxh3 Qxg5 31. Rf1 Rbf6 32. Rxf6 Qxf6 33. Qg4+ Kh8 34. Rc2 Ne3 35. Qg7+ Qxg7 36. hxg7+ Kxg7 37. Re2 exd4 38. cxd4 Nf5 39. Re5 Nxd4 40. Rxd5 Ne2+ 41. Kg2 Nc3 42. Rd7+ Rf7 43. Rd3 Nxa2 44. g4 a5 45. g5 a4 46. g6 hxg6 47. Rd6 b4 48. Rb6 b3 49. Ra6 b2 50. Rc6 b1=Q 51. Rc4 Qf1+ 52. Kg3 Qxc4 53. Kh3 Rf3+ 54. Kg2 Qe2+ 55. Kg1 Rf1# 0-1


[Site "https://www.chess.com"]

[Event "Titled Tuesday Blitz July 05 Late 2022"]
[White "D`Arruda, Ricardo D."]
[Black "Jeet, Jain"]
[WhiteFideId "100692"]
[BlackFideId "5073022"]
[WhiteElo "2464"]
[BlackElo "2055"]
[Result "0-1"]
[Round "11"]
[TimeControl "180+1"]
[Date "2022.07.06"]
[WhiteClock "0:01:20"]
[BlackClock "0:01:35"]

1. d4 Nf6 2. Nf3 g6 3. Nc3 d5 4. Bg5 Bg7 5. Bxf6 Bxf6 6. e4 dxe4 7. Nxe4 Bg7 8. Bc4 O-O 9. O-O Bg4 10. c3 c6 11. h3 Bxf3 12. Qxf3 e6 13. Rad1 Nd7 14. Rfe1 a5 15. a4 Qb6 16. Re2 Qc7 17. Bb3 b5 18. Red2 Nb6 19. Nc5 Rad8 20. Qe2 Rfe8 21. axb5 cxb5 22. Qxb5 Nd7 23. Nxd7 Rxd7 24. Ba4 Red8 25. d5 exd5 26. Rxd5 Rxd5 27. Rxd5 Rb8 28. Qe2 Qf4 29. Rd1 Qxa4 0-1


[Site "https://www.chess.com"]

[Event "Titled Tuesday Blitz July 05 Late 2022"]
[White "Deac, Bogdan-Daniel"]
[Black "So, Wesley"]
[WhiteFideId "1226380"]
[BlackFideId "5202213"]
[WhiteElo "2648"]
[BlackElo "2763"]
[Result "0-1"]
[Round "11"]
[TimeControl "180+1"]
[Date "2022.07.05"]
[WhiteClock "0:00:01"]
[BlackClock "0:00:04"]

1. d4 Nf6 2. c4 e6 3. Nf3 d5 4. Nc3 Bb4 5. Qa4+ Nc6 6. e3 O-O 7. Bd2 Re8 8. Qc2 a6 9. Rd1 Bd6 10. a3 h6 11. h3 Bd7 12. Be2 dxc4 13. Bxc4 b5 14. Bb3 e5 15. O-O e4 16. Nh2 Be6 17. Bxe6 Rxe6 18. Bc1 Ne7 19. Ng4 Ned5 20. Nxf6+ Nxf6 21. d5 Re5 22. b4 Qd7 23. Bb2 Rg5 24. Kh1 Qf5 25. Qe2 Qe5 26. g3 Qf5 27. Kg2 Re8 28. Rh1 h5 29. Rd4 Be5 30. Rdd1 Qg6 31. Kf1 Rf5 32. Ke1 Rf3 33. Rg1 h4 34. g4 Rxh3 35. g5 Rf3 36. Qf1 Nh7 37. Qg2 h3 38. Qh1 Nxg5 39. Nxe4 Qxe4 0-1


[Site "https://www.chess.com"]

[Event "Titled Tuesday Blitz July 05 Late 2022"]
[White "Deviprasath, Sharvesh"]
[Black "Kozin, Yuri"]
[WhiteFideId "30938228"]
[BlackFideId "4129920"]
[WhiteElo "2102"]
[BlackElo "2521"]
[Result "1-0"]
[Round "11"]
[TimeControl "180+1"]
[Date "2022.07.06"]
[WhiteClock "0:00:20"]
[BlackClock "0:00:03"]

1. e4 c5 2. Nc3 e6 3. Nge2 a6 4. g3 b5 5. Bg2 Bb7 6. d4 cxd4 7. Nxd4 b4 8. Na4 Nf6 9. O-O Bxe4 10. Bxe4 Nxe4 11. Re1 Nf6 12. Bf4 Be7 13. Nf5 O-O 14. Nxe7+ Qxe7 15. Bd6 Qd8 16. Bxf8 Qxf8 17. b3 Nc6 18. Nb2 a5 19. Nc4 d5 20. Ne5 Nxe5 21. Rxe5 Rc8 22. a3 Ne4 23. axb4 axb4 24. f3 Qc5+ 25. Kg2 f6 26. Rxe6 Qf2+ 27. Kh1 Nd2 28. Re2 Qxf3+ 29. Kg1 Ne4 30. Qxd5+ Kh8 31. Qxe4 1-0


[Site "https://www.chess.com"]

[Event "Titled Tuesday Blitz July 05 Late 2022"]
[White "Diaz Perez, Michel Alejandro"]
[Black "Ferreira, Vitor Hugo Vieira"]
[WhiteFideId "3517179"]
[BlackFideId "2119765"]
[WhiteElo "2313"]
[BlackElo "2168"]
[Result "1-0"]
[Round "11"]
[TimeControl "180+1"]
[Date "2022.07.05"]
[WhiteClock "0:00:05"]
[BlackClock "0:00:10"]

1. d4 d5 2. c4 dxc4 3. e3 Nf6 4. Bxc4 e6 5. Nf3 a6 6. O-O c5 7. b3 Nc6 8. Bb2 b5 9. Be2 Bb7 10. a4 b4 11. Nbd2 cxd4 12. Nxd4 Nxd4 13. Bxd4 Bd6 14. Nc4 Be7 15. Nb6 Rb8 16. a5 Nd5 17. Be5 Nc3 18. Qc2 Be4 19. Qb2 Rb7 20. Bxa6 Rxb6 21. axb6 Qxb6 22. Bxc3 bxc3 23. Qxc3 O-O 24. Ra4 Bc6 25. Rg4 g6 26. Bc4 Bd7 27. Rd1 Bc8 28. Qd2 Bb4 29. Qc2 Kg7 30. Qb2+ Kg8 31. Qf6 Qa5 32. Rh4 Bc3 33. Qf3 Bg7 34. Rf4 Qc7 35. h4 Bb7 36. Qg4 h5 37. Qg5 Kh7 38. Rfd4 Bxd4 39. Rxd4 Qc6 40. f3 Qb6 41. Kh2 Qc7+ 42. Qg3 Qxg3+ 43. Kxg3 Kg7 44. Rd7 Bc6 45. Rc7 Bd5 46. Bxd5 exd5 47. Rb7 Rc8 48. Rb4 Rc3 49. Kf4 Kf6 50. g4 hxg4 51. fxg4 Rc1 52. g5+ Ke6 53. Rb6+ Ke7 54. Ke5 Rh1 55. Rb7+ Kf8 56. b4 Rxh4 57. Kf6 Ke8 58. Rb8+ Kd7 59. Kxf7 Re4 60. Kxg6 Rxe3 61. Kf5 d4 62. Rb5 Kc6 63. Rc5+ Kd6 64. g6 d3 65. Rc1 Kd5 66. g7 Rg3 67. Kf6 Kd4 68. b5 d2 69. Rd1 Kd3 70. Kf7 Rf3+ 71. Ke8 Re3+ 72. Kf8 Rf3+ 73. Kg8 Rf5 74. b6 Rb5 75. Kh8 Rh5+ 76. Kg8 Rb5 77. Kh7 Rh5+ 78. Kg6 Rb5 79. g8=Q Rxb6+ 80. Kh7 Rb4 81. Rxd2+ Kxd2 82. Qd5+ Kc3 83. Qc5+ Rc4 84. Qa5+ Kb3 85. Kg6 Ra4 86. Qb5+ Rb4 87. Qd5+ Kc3 88. Kf5 Rd4 89. Qc5+ Kd3 90. Ke5 Rf4 91. Kxf4 1-0


[Site "https://www.chess.com"]

[Event "Titled Tuesday Blitz July 05 Late 2022"]
[White "Diaz Rosas, Julio Cesar"]
[Black "Sibilio, Mario"]
[WhiteFideId "5105099"]
[BlackFideId "800422"]
[WhiteElo "2278"]
[BlackElo "2296"]
[Result "1-0"]
[Round "11"]
[TimeControl "180+1"]
[Date "2022.07.06"]
[WhiteClock "0:00:08"]
[BlackClock "0:00:04"]

1. d4 Nf6 2. c4 e6 3. Nc3 Bb4 4. a3 Bxc3+ 5. bxc3 c5 6. e3 d6 7. Bd3 e5 8. Ne2 O-O 9. O-O Re8 10. f3 Nc6 11. d5 e4 12. dxc6 exd3 13. Qxd3 bxc6 14. e4 d5 15. cxd5 cxd5 16. Bg5 dxe4 17. Qxd8 Rxd8 18. fxe4 Ba6 19. Bxf6 gxf6 20. Rf2 Bxe2 21. Rxe2 Rd3 22. Rc2 Re8 23. Rf1 Kg7 24. Rf5 c4 25. Rf4 Re3 26. e5 fxe5 27. Rxc4 Re1+ 28. Kf2 Ra1 29. Ra4 Re7 30. g4 e4 31. Re2 Rc1 32. Re3 Kg6 33. h4 h6 34. Raxe4 Rxe4 35. Rxe4 Rxc3 36. Ra4 Rh3 37. Ra6+ f6 38. Rxa7 Rxh4 39. Kg3 Rh1 40. Ra5 Ra1 41. Kh3 Rh1+ 42. Kg2 Ra1 43. Kf2 Ra2+ 44. Ke3 Rg2 45. Kf3 Ra2 46. Ra4 h5 47. gxh5+ Kxh5 48. Ke4 Kg6 49. Ra6 Kg5 50. Ra5+ Kg4 51. Ke3 f5 52. Ra8 f4+ 53. Ke4 Re2+ 54. Kd3 Re7 55. Rf8 f3 56. a4 Kg3 57. a5 1-0


[Site "https://www.chess.com"]

[Event "Titled Tuesday Blitz July 05 Late 2022"]
[White "Dilmukhametov, Artur"]
[Black "Rios Escobar, Adan"]
[WhiteFideId "24179922"]
[BlackFideId "3403645"]
[WhiteElo "2206"]
[BlackElo "2474"]
[Result "0-1"]
[Round "11"]
[TimeControl "180+1"]
[Date "2022.07.06"]
[WhiteClock "0:00:06"]
[BlackClock "0:00:11"]

1. e4 c5 2. Nf3 d6 3. Bb5+ Nd7 4. c3 Nf6 5. Qe2 a6 6. Ba4 b5 7. Bc2 c4 8. O-O Bb7 9. d3 cxd3 10. Bxd3 e6 11. Nbd2 Be7 12. Rd1 O-O 13. Bc2 Qc7 14. Qf1 Rfd8 15. Qe2 Rac8 16. Bb1 h6 17. Nf1 Nc5 18. Ng3 a5 19. e5 dxe5 20. Rxd8+ Rxd8 21. Nxe5 Qd6 22. Bf4 g5 23. Nxf7 Qd5 0-1


[Site "https://www.chess.com"]

[Event "Titled Tuesday Blitz July 05 Late 2022"]
[White "Domingo Nunez, Ruben"]
[Black "Aggelis, Nikolaos"]
[WhiteFideId "22245570"]
[BlackFideId "4213220"]
[WhiteElo "2373"]
[BlackElo "2154"]
[Result "1-0"]
[Round "11"]
[TimeControl "180+1"]
[Date "2022.07.05"]
[WhiteClock "0:01:38"]
[BlackClock "0:01:47"]

1. c4 c5 2. Nc3 Nc6 3. g3 g6 4. Bg2 Bg7 5. Nf3 e6 6. O-O Nge7 7. e3 O-O 8. b3 d6 9. Bb2 a6 10. d4 cxd4 11. exd4 Rb8 12. Re1 b5 13. d5 Ne5 14. Nxe5 Bxe5 15. c5 Nxd5 16. Bxd5 exd5 17. Qxd5 Bb7 18. c6 Bc8 19. Rxe5 dxe5 20. Qxe5 Bh3 21. c7 Qd2 22. cxb8=Q Qxb2 23. Qh8+ 1-0


[Site "https://www.chess.com"]

[Event "Titled Tuesday Blitz July 05 Late 2022"]
[White "Eljanov, Pavel"]
[Black "Rustemov, Alexander"]
[WhiteFideId "14102951"]
[BlackFideId "4119002"]
[WhiteElo "2601"]
[BlackElo "2737"]
[Result "0-1"]
[Round "11"]
[TimeControl "180+1"]
[Date "2022.07.05"]
[WhiteClock "0:00:26"]
[BlackClock "0:01:06"]

1. e4 e6 2. d4 d5 3. e5 c5 4. c3 Qb6 5. Nf3 Bd7 6. a3 Bb5 7. g3 Nc6 8. dxc5 Bxc5 9. Bxb5 Qxb5 10. b4 Bb6 11. a4 Qc4 12. a5 Bc7 13. Nbd2 Qxc3 14. Ra3 Qxb4 15. Rb3 Qa4 16. O-O Nxa5 17. Qc2 Nxb3 18. Qxc7 Nxd2 19. Bxd2 Qd7 20. Qc5 b6 21. Qa3 Rc8 22. Bb4 Ne7 23. Nd4 Rc4 24. Rd1 Nc6 25. Nxc6 Rxc6 26. Qf3 a5 27. Ba3 b5 28. Qg4 g6 29. Bd6 Rxd6 30. exd6 Qxd6 0-1


[Site "https://www.chess.com"]

[Event "Titled Tuesday Blitz July 05 Late 2022"]
[White "Estrada Nieto, Julian"]
[Black "Mei, Austin"]
[WhiteFideId "5101018"]
[BlackFideId "30948479"]
[WhiteElo "2252"]
[BlackElo "1971"]
[Result "1-0"]
[Round "11"]
[TimeControl "180+1"]
[Date "2022.07.06"]
[WhiteClock "0:00:06"]
[BlackClock "0:00:20"]

1. e4 e5 2. Nf3 Nc6 3. Bb5 a6 4. Ba4 Nf6 5. O-O Nxe4 6. d4 b5 7. Bb3 d5 8. dxe5 Be6 9. Nbd2 Bc5 10. Nxe4 dxe4 11. Bxe6 fxe6 12. Ng5 e3 13. Qxd8+ Rxd8 14. Bxe3 Bxe3 15. fxe3 Nxe5 16. Nxe6 Rd7 17. Rad1 g6 18. b3 c6 19. h3 Ke7 20. Nc5 Rxd1 21. Rxd1 Ra8 22. Kf2 a5 23. Nd3 Nd7 24. Ke2 Rf8 25. Rf1 Re8 26. Rf4 Kd6 27. Rd4+ Kc7 28. Rf4 Re7 29. a4 Kb6 30. Kd2 Ka6 31. h4 Kb6 32. g4 Ka6 33. g5 Kb6 34. e4 bxa4 35. bxa4 c5 36. Kc3 Kc6 37. Nb2 Nb6 38. Rf6+ Kc7 39. Kd3 Rd7+ 40. Ke3 Re7 41. Kd3 Rd7+ 42. Ke3 Re7 43. Rf8 Nd5+ 44. Kd3 Nb6 45. Ke3 Nd5+ 46. Kd3 Nb6 47. Rf4 Rd7+ 48. Kc3 Re7 49. Kb3 Kc6 50. Nc4 Nxc4 51. Kxc4 Re5 52. Rf6+ Kd7 53. Rf4 Kc6 54. Kd3 Kd7 55. Rf7+ Ke6 56. Rxh7 c4+ 57. Kd4 c3 58. Rg7 Kd6 59. Rxg6+ Re6 60. Rxe6+ Kxe6 61. h5 Kf7 62. h6 Kg6 63. Kxc3 Kxg5 64. h7 Kh6 65. h8=Q+ Kg6 66. Qd4 Kg5 67. Qc5+ Kf4 68. Qxa5 Kf3 69. e5 Kf2 70. e6 Kg2 71. e7 Kf1 72. e8=Q Kf2 73. Qf5+ Kg3 74. Qeg6+ Kh4 75. Qfh5# 1-0


[Site "https://www.chess.com"]

[Event "Titled Tuesday Blitz July 05 Late 2022"]
[White "Fajdetic, Hrvoje"]
[Black "Jian, Alex"]
[WhiteFideId "14501945"]
[BlackFideId "30901022"]
[WhiteElo "2172"]
[BlackElo "2095"]
[Result "0-1"]
[Round "11"]
[TimeControl "180+1"]
[Date "2022.07.06"]
[WhiteClock "0:00:16"]
[BlackClock "0:00:25"]

1. b3 Nf6 2. Bb2 d5 3. f4 c5 4. Nf3 g6 5. e3 Bg7 6. Be2 O-O 7. O-O b6 8. Qe1 Bb7 9. d3 Nc6 10. Nbd2 Ng4 11. Bxg7 Kxg7 12. Bd1 d4 13. e4 Ne3 14. Rf2 Nb4 15. Nf1 Nxf1 16. Kxf1 f6 17. g4 Qc7 18. Qd2 Nc6 19. h4 b5 20. Kg2 Bc8 21. f5 Ne5 22. Nxe5 Qxe5 23. Qf4 Qxf4 24. Rxf4 e5 25. fxe6 Bxe6 26. a4 a6 27. Bf3 Rfc8 28. axb5 axb5 29. Rxa8 Rxa8 30. e5 fxe5 31. Rxd4 exd4 32. Bxa8 Bxg4 33. b4 cxb4 34. Bd5 Bd1 35. Bb3 Kf6 36. Kg3 Ke5 37. Kh3 Kf4 38. Kh2 Ke3 39. Kg3 Kd2 40. Bg8 h6 41. Bh7 g5 42. hxg5 hxg5 0-1


[Site "https://www.chess.com"]